 Dungeon Crawl Stone Soup version 0.30-a0-738-g116ff8c4af (webtiles) character file.

Game seed: 15678281517777918630

446 Leeroy the Slasher (level 7, 0/34 HPs)
             Began as a Vine Stalker Warper on Feb 3, 2023.
             Slain by a water moccasin (4 damage)
             ... on level 5 of the Dungeon.
             The game lasted 00:03:52 (3468 turns).

Leeroy the Slasher (Vine Stalker Warper)            Turns: 3468, Time: 00:03:52

Health: 0/34       AC:  8    Str: 13    XL:     7   Next: 3%
Magic:  0/11       EV: 10    Int: 13    God:
Gold:   237        SH:  0    Dex: 16    Spells: 5/10 levels left

rFire   . . .      SeeInvis .    a - +0 falchion
rCold   . . .      Faith    .    (no shield)
rNeg    . . .      Spirit   +    k - +0 ring mail
rPois   .          Reflect  .    (no helmet)
rElec   .          Harm     .    (no cloak)
rCorr   .          Rampage  .    q - +2 pair of gloves
Will    .....                    (no boots)
Stlth   +                        (no amulet)
HPRegen 1.05/turn                (no ring)
MPRegen 0.12/turn                (no ring)

@: no status effects
A: fangs 2, regeneration 1, magic shield, antimagic bite, no potion heal 2
a: no special abilities


You were on level 5 of the Dungeon.
You visited 1 branch of the dungeon, and saw 5 of its levels.

You collected 237 gold pieces.

Inventory:

Hand Weapons
 a - a +0 falchion (weapon)
 y - a +0 rapier
Missiles
 d - 5 boomerangs of dispersal (quivered)
 o - 10 poisoned darts
 u - 5 boomerangs
 w - 2 atropa-tipped darts
Armour
 b - a +0 leather armour
 k - a +0 ring mail (worn)
 q - a +2 pair of gloves (worn)
Jewellery
 e - an amulet of faith
Wands
 c - a wand of mindburst (13)
 m - a wand of paralysis (5)
 r - a wand of flame (33)
Scrolls
 f - 10 scrolls of identify {unknown}
 h - a scroll of fear {unknown}
 j - a scroll of torment {unknown}
 n - 2 scrolls of vulnerability {unknown}
 s - a scroll of teleportation {unknown}
 v - a scroll of immolation {unknown}
 B - a scroll of amnesia {unknown}
Potions
 g - a potion of ambrosia {unknown}
 i - a potion of flight {unknown}
 l - a potion of heal wounds {unknown}
 p - a potion of berserk rage {unknown}
 t - a potion of haste {unknown}
 x - a potion of degeneration {unknown}
 z - a potion of curing {unknown}
 A - 2 potions of might {unknown}


   Skills:
 - Level 1.7 Fighting
 + Level 6.7 Long Blades
 - Level 0.8 Throwing
 - Level 0.7 Armour
 - Level 1.5 Dodging
 - Level 2.1 Spellcasting
 - Level 3.0 Translocations


You had 5 spell levels left.
You knew the following spells:

 Your Spells              Type           Power      Damage    Failure   Level
a - Blink                 Tloc           18%        N/A       24%         2
b - Vhi's Electric Charg  Tloc/Air       10%        N/A       65%         3

Your spell library contained the following spells:

 Spells                   Type           Power      Damage    Failure   Level
 Lesser Beckoning         Tloc           18%        N/A       24%         2
 Teleport Other           Tloc           9%         N/A       43%         3
 Manifold Assault         Tloc           9%         N/A       83%         4
 Stone Arrow              Conj/Erth      2%         3d7       85%         3
 Animate Armour           Summ/Erth      2%         N/A       99%         4
 Lehudib's Crystal Spear  Conj/Erth      0%         10d2      100%        8


Dungeon Overview and Level Annotations

Branches:
Dungeon (5/15)
 Temple: D:4-7

Altars:
Cheibriados
Gozag
Qazlal
Vehumet


Innate Abilities, Weirdness & Mutations

You have extremely sharp teeth.
Your natural rate of healing is unusually fast.
When hurt, damage is shared between your health and your magic reserves.
Your bite disrupts and absorbs the magic of your enemies.
Potions cannot restore your health.


Message History

The water moccasin is heavily wounded.
You feel sick. The water moccasin bites you.
* * * LOW HITPOINT WARNING * * *
You miss the water moccasin. Your bite misses the water moccasin.
The water moccasin is heavily wounded.
You feel sick. The water moccasin barely misses you.
The water moccasin bites you but does no damage.
You hit the water moccasin.
The water moccasin is heavily wounded.
You feel sick.
The water moccasin bites you but does no damage.
Casting: Blink (dangerous; 24% risk of failure)
Confirm with . or Enter, or press ? or * to list all spells.
You blink.
Found a club.
You feel sick.
Throw: 7 boomerangs (disperse)
Press: ? - help, Q - select action, (/) - cycle Shift-Dir - straight line, f - water moccasin
Aim: a water moccasin (heavily wounded, 40% to hit)
You throw a boomerang of dispersal.
The boomerang of dispersal barely misses the water moccasin.
You feel sick.
You are no longer poisoned.
Throw: 6 boomerangs (disperse)
Press: ? - help, Q - select action, (/) - cycle Shift-Dir - straight line, f/p - water moccasin
Aim: a water moccasin (heavily wounded, 40% to hit)
You throw a boomerang of dispersal.
The boomerang of dispersal barely misses the water moccasin.
The water moccasin bites you.
* * * LOW HITPOINT WARNING * * *
Throw: 5 boomerangs (disperse)
Press: ? - help, Q - select action, (/) - cycle Shift-Dir - straight line, f/p - water moccasin
Aim: a water moccasin (heavily wounded, 40% to hit)
Okay, then.
You slash the water moccasin! Your bite misses the water moccasin.
The water moccasin is almost dead.
The water moccasin misses you.
You miss the water moccasin. Your bite misses the water moccasin.
The water moccasin is almost dead.
You feel stable enough to blink again. The water moccasin barely misses you.
The water moccasin bites you.
You die...

+................#
#...#............#
#####............###
#....##...##.#..
###....##...##.#..
#......##...##.#..
#......##...##.###
#######......##...##.#
.......@S...).'...'..#
..#####.....###...######
#.....# #.........
#.....# #.........
#....)# #.........
......# ####......
......# #...... #.....#
#...... ##....#


You could see a water moccasin.

Vanquished Creatures
  2 necrophages (D:4)
  2 iguanas (D:5)
  Natasha (thrice) (D:4)
  An orc wizard (D:3)
  A mummy (D:3)
  A gnoll (D:1)
  5 adders
  A worm (D:3)
  A dart slug (D:2)
  18 orcs
  7 ball pythons
  6 bats
  5 endoplasms
  2 giant cockroaches
  8 goblins
  5 hobgoblins
  8 jackals
  6 kobolds
  3 quokkas
  3 frilled lizards
  3 rats
91 creatures vanquished.

Notes
Turn   | Place    | Note
-------+----------+-------------------------------------------
     0 | D:1      | Leeroy the Vine Stalker Warper began the quest for the Orb.
     0 | D:1      | Reached XP level 1. HP: 11/11 MP: 4/4
    51 | D:1      | Reached skill level 2 in Long Blades
   209 | D:1      | Found a faded altar of an unknown god.
   294 | D:1      | Reached XP level 2. HP: 13/15 MP: 6/6
   350 | D:1      | Learned a level 2 spell: Blink
   670 | D:1      | Reached skill level 3 in Long Blades
   670 | D:1      | Reached XP level 3. HP: 16/18 MP: 7/7
  1115 | D:2      | Learned a level 3 spell: Vhi's Electric Charge
  1506 | D:2      | Found an opulent altar of Gozag.
  1644 | D:3      | Gained mutation: Your natural rate of healing is unusually
                  | fast. [Vine Stalker growth]
  1644 | D:3      | Reached XP level 4. HP: 22/23 MP: 6/8
  1751 | D:3      | Reached skill level 4 in Long Blades
  1793 | D:3      | Found a stormy altar of Qazlal.
  2061 | D:3      | Reached XP level 5. HP: 24/26 MP: 7/9
  2367 | D:3      | Found a snail-covered altar of Cheibriados.
  2659 | D:3      | Found a radiant altar of Vehumet.
  2769 | D:4      | Reached skill level 5 in Long Blades
  2804 | D:4      | Noticed Natasha
  2818 | D:4      | Killed Natasha
  2819 | D:4      | Reached XP level 6. HP: 30/30 MP: 6/10
  2852 | D:4      | Noticed Natasha
  2880 | D:4      | Killed Natasha
  2920 | D:4      | Noticed Natasha
  2930 | D:4      | Killed Natasha
  2931 | D:4      | Reached skill level 6 in Long Blades
  3103 | D:4      | Noticed a hornet
  3106 | D:4      | Noticed an ice beast
  3114 | D:5      | Entered Level 5 of the Dungeon
  3249 | D:5      | Reached XP level 7. HP: 26/34 MP: 8/11
  3468 | D:5      | Slain by a water moccasin

Illustrated notes

Levels and vault maps discovered:
D:1:      wheals_arrival_shading, layout_loops_corners,
          chequers_ecumenical_altar_simple
D:2:      layout_loops_ring, basic_altar
D:3:      layout_loops_corners, lemuel_tele_altar, mainiacjoe_overflow_brackets,
          slow_altar_2
D:4:      layout_rooms, chequers_serial_rivers_room_a, minmay_manual_mess,
          uniq_natasha
D:5:      layout_basic, minmay_between, uniq_menkaure

Skill      XL: |  1  2  3  4  5  6 |
---------------+-------------------+-----
Long Blades    | 2 3 4 5 6 |  6.7
Fighting       | |  1.7
Throwing       | |  0.8
Armour         | |  0.7
Dodging        | |  1.5
Spellcasting   | |  2.1
Translocations | |  3.0

Action                     |  1- 3 |  4- 6 |  7- 9 || total
---------------------------+-------+-------+-------++-------
  Melee: Falchion          |   106 |   226 |    30 ||   362
         Bite              |    19 |    53 |     5 ||    77
         Punch             |     1 |     3 |       ||     4
  Throw: Boomerang         |       |       |     2 ||     2
   Cast: Blink             |       |       |     1 ||     1
    Use: Scroll            |       |     2 |       ||     2
 Armour: Leather armour    |    32 |       |       ||    32
         Ring mail         |    28 |    96 |    11 ||   135
  Dodge: Dodged            |    73 |   111 |    12 ||   196

Table legend: (Time is in decaauts)
 A = Elapsed time spent in this place.
 B = Non-inter-level travel time spent in this place.
 C = Inter-level travel time spent in this place.
 D = Time resting spent in this place.
 E = Time spent auto-exploring this place.
 F = Levels seen in this place.
 G = Mean time per level.
                   A        B        C        D        E       F      G
               +--------+--------+--------+--------+--------+-----+--------+
         Total |   3518 |   3404 |    114 |      0 |   2638 |   5 |  703.6 |
       Dungeon |   3518 |   3404 |    114 |      0 |   2638 |   5 |  703.6 |
               +--------+--------+--------+--------+--------+-----+--------+

Top non-repeatable levels by time:
     D:3: 1089 daAuts
     D:1: 960 daAuts
     D:2: 695 daAuts
     D:4: 419 daAuts
     D:5: 353 daAuts
